Influenza vs Harfangs
(R2)
Created - 19 décembre 2013 at 19:27
Goals
|
| Influenza |
3 |
0 |
0 |
3 |
| Harfangs |
2 |
1 |
2 |
5 |
|
Shots
|
| Influenza |
11 |
7 |
4 |
22 |
| Harfangs |
14 |
8 |
2 |
24 |
|
1st period
1. Harfangs , Sergei Kostitsyn 9 (Stefan Ruzicka, Brett Carson) at 9:48
2. Influenza , Ryan Vesce 18 (Jamie McBain, Jaime Sifers) at 10:25
3. Influenza , Robbie Earl 10 (Blake Comeau, Tim Gleason) at 10:48 (PP)
4. Harfangs , Pavel Vorobiev 15 (Marcel Hossa, Boyd Gordon) at 14:38
5. Influenza , Tim Gleason 2 (Blake Comeau, Noah Welch) at 19:27
Penalties :
Andrew Orpik (BEA) for Holding (Minor) at 10:34
2nd period
6. Harfangs , Boyd Gordon 14 (Marcel Hossa) at 16:02
Penalties :
Pavel Vorobiev (BEA) for Head-butting (Major / Game Misconduct) at 1:08, Tim Gleason (VJB) for Hooking (Minor) at 18:11
3rd period
7. Harfangs , Marcel Hossa 16 (Colton Orr, Boyd Gordon) at 16:08 (PP)
8. Harfangs , Victor Bartley 3 (Marcel Hossa, Colton Orr) at 19:56 (Empty Net)
Penalties :
Robbie Earl (VJB) for Unsportsmanlike conduct (Major / Game Misconduct) at 3:43, Zac Dalpe (VJB) for Hooking (Minor) at 9:29, Jimmy Bonneau (VJB) for Tripping (Minor) at 12:04, Blake Comeau (VJB) for Interference (Minor) at 16:04, Tim Gleason (VJB) for Hooking (Minor) at 17:26
Goalie Stats
Brent Krahn (VJB), 19 saves from 23 shots - (0,826), L, 9-9-1, 59:36 minutes
Ray Emery (BEA), 19 saves from 22 shots - (0,864), W, 10-5-3, 60:00 minutes
Players Stats for Influenza
Player Name G A P +/- PIM S H SB GA TA FO MP PP MP PK MP
------------------------------------------------------------------------------------
Ben Smith 0 0 0 -1 0 2 0 0 0 0 0/1 9:09 1:03 0:00
Blake Comeau 0 2 2 -1 2 1 2 0 0 0 0/1 22:04 2:17 6:24
Brian Salcido 0 0 0 -1 0 0 0 1 0 0 0/0 13:51 0:28 2:08
Carl Gunnarsson 0 0 0 -1 0 1 0 0 0 0 0/0 11:59 0:28 0:30
Cody McCormick 0 0 0 -1 0 0 0 1 0 0 4/12 13:59 1:49 0:55
Jaime Sifers 0 1 1 1 0 0 2 0 0 0 0/0 20:21 2:20 4:51
Jamie McBain 0 1 1 1 0 1 1 1 0 1 0/0 23:50 2:20 6:13
Jimmy Bonneau 0 0 0 -1 2 1 1 0 0 0 0/0 9:46 0:14 2:06
Marek Zagrapan 0 0 0 1 0 0 2 0 0 1 3/5 11:14 1:11 0:00
Martins Karsums 0 0 0 -1 0 0 3 0 0 0 2/3 16:50 1:49 3:42
Noah Welch 0 1 1 -2 0 3 2 1 0 0 0/0 27:40 2:25 7:38
Pierre-Cédric Labrie 0 0 0 -1 0 0 1 0 0 0 0/1 11:04 0:00 0:00
Robbie Earl 1 0 1 -1 15 5 1 1 0 0 0/0 13:59 2:16 0:00
Ryan Carter 0 0 0 -1 0 3 1 0 0 1 9/24 21:37 2:13 6:11
Ryan Russell 0 0 0 1 0 1 1 0 0 0 1/1 12:02 1:49 0:20
Ryan Vesce 1 0 1 1 0 3 3 1 1 0 0/1 14:47 0:58 3:42
Tim Gleason 1 1 2 -2 4 1 0 2 0 1 0/0 22:43 2:25 4:38
Zac Dalpe 0 0 0 -1 2 0 2 0 1 0 1/2 10:00 0:00 2:38
Players Stats for Harfangs
Player Name G A P +/- PIM S H SB GA TA FO MP PP MP PK MP
------------------------------------------------------------------------------------
Alex Killorn 0 0 0 0 0 0 2 0 0 0 2/4 8:09 0:00 0:01
Alex Plante 0 0 0 0 0 0 0 0 0 0 0/0 4:14 0:00 0:00
Alexandre Picard 0 0 0 0 0 2 3 2 0 1 0/0 25:59 6:09 2:49
Andrew Orpik 0 0 0 2 2 0 0 0 0 0 0/0 20:30 6:50 1:42
Angelo Esposito 0 0 0 0 0 0 0 0 0 0 0/0 0:00 0:00 0:00
Ben Blood 0 0 0 0 0 0 0 0 0 0 0/0 0:00 0:00 0:00
Boyd Gordon 1 2 3 2 0 6 3 1 0 0 17/27 22:39 6:12 1:54
Brett Carson 0 1 1 0 0 1 1 2 0 0 0/0 25:59 6:09 2:49
Brian Lashoff 0 0 0 0 0 1 0 0 0 0 0/0 4:47 0:00 0:33
Colton Orr 0 2 2 0 0 0 1 0 2 0 0/0 18:05 5:40 0:00
Dustin Jeffrey 0 0 0 -1 0 0 0 0 0 0 0/0 9:57 1:14 1:03
Luca Caputi 0 0 0 0 0 0 0 0 1 0 0/0 8:01 0:00 0:03
Marcel Hossa 1 3 4 2 0 3 2 1 1 0 3/3 22:39 6:03 2:13
Matt Keith 0 0 0 1 0 2 0 0 0 1 0/1 12:52 3:02 0:00
Michal Repik 0 0 0 0 0 0 0 0 0 0 0/0 0:19 0:19 0:00
Nick Holden 0 0 0 0 0 0 1 0 0 0 0/0 9:25 0:00 0:51
Pavel Vorobiev 1 0 1 0 15 2 0 0 0 0 2/3 6:57 0:00 0:14
Petri Kontiola 0 0 0 1 0 1 2 1 0 0 4/8 17:16 4:34 1:06
Sasha Pokulok 0 0 0 2 0 0 0 0 0 0 0/0 20:08 6:27 1:42
Sergei Kostitsyn 1 0 1 1 0 4 1 0 0 0 0/0 18:42 5:12 1:46
Stefan Ruzicka 0 1 1 1 0 0 1 0 0 0 0/0 17:02 5:09 0:08
Stephane Da Costa 0 0 0 -1 0 0 2 0 0 0 3/5 12:08 1:32 1:58
Victor Bartley 1 0 1 0 0 2 2 1 0 0 0/0 8:57 0:23 0:00
3 Stars
1 - Marcel Hossa (BEA)
2 - Boyd Gordon (BEA)
3 - Ryan Vesce (VJB)
Power Play
Influenza - 1 on 2 Attempt(s) - 50,00%
Harfangs - 1 on 6 Attempt(s) - 16,67%
Penalty Kill
Influenza - 5 on 6 Attempt(s) - 83,33%
- Score 0 goal in Penalty Kill
Harfangs - 1 on 2 Attempt(s) - 50,00%
- Score 0 goal in Penalty Kill
Official
Referees : Sutherland Kelly and Kowal Tom
Linesman : Michel Cormier and Brian Mach
Game Notes
Pavel Vorobiev ejected from game at 1:08 of 2nd period
Robbie Earl ejected from game at 3:43 of 3rd period
Victor Bartley has scored in a empty net!
Finance
Level 1 -- Attendance: 1407 (70,35%) -- Ticket Income 42 210 $
Level 2 -- Attendance: 733 (73,30%) -- Ticket Income 10 995 $
Total Attendance: 2140 (71,33%)
Total Ticket Income: 53 205 $
Other Income: 2 660 $
Total Income: 55 865 $
Influenza
5 vs 5 Forward
Center Left Wing Right Wing Time % Phy DF OF
1 Ryan Carter Robbie Earl Blake Comeau 40 1 2 2
2 Cody McCormick Pierre-Cédric Labrie Martins Karsums 30 1 2 2
3 Marek Zagrapan Ryan Russell Ryan Vesce 20 1 2 2
4 Zac Dalpe Jimmy Bonneau Ben Smith 10 1 2 2
5 vs 5 Defense
Defense Defense Time % Phy DF OF
1 Noah Welch Tim Gleason 40 1 2 2
2 Jamie McBain Jaime Sifers 30 1 2 2
3 Brian Salcido Carl Gunnarsson 20 1 2 2
4 Noah Welch Jamie McBain 10 1 2 2
PowerPlay Forward
Center Left Wing Right Wing Time % Phy DF OF
1 Ryan Carter Robbie Earl Blake Comeau 60 1 2 2
2 Cody McCormick Ryan Russell Martins Karsums 40 1 2 2
PowerPlay Defense
Defense Defense Time % Phy DF OF
1 Noah Welch Tim Gleason 60 1 2 2
2 Jaime Sifers Jamie McBain 40 1 2 2
Penalty Kill 4 Players Forward
Center Wing Time % Phy DF OF
1 Ryan Carter Blake Comeau 60 1 2 2
2 Martins Karsums Ryan Vesce 40 1 2 2
Penalty Kill 4 Players Defense
Defense Defense Time % Phy DF OF
1 Noah Welch Tim Gleason 60 1 2 2
2 Jamie McBain Jaime Sifers 40 1 2 2
Penalty Kill - 3 Players Forward
Forward Time % Phy DF OF
1 Blake Comeau 60 1 2 2
2 Ryan Carter 40 1 2 2
Penalty Kill - 3 Players Defense
Defense Defense Time % Phy DF OF
1 Noah Welch Tim Gleason 60 1 2 2
2 Jamie McBain Jaime Sifers 40 1 2 2
4 vs 4 Forward
Center Wing Time % Phy DF OF
1 Ryan Carter Blake Comeau 60 1 2 2
2 Martins Karsums Ryan Vesce 40 1 2 2
4 vs 4 Defense
Defense Defense Time % Phy DF OF
1 Noah Welch Tim Gleason 60 1 2 2
2 Jamie McBain Jaime Sifers 40 1 2 2
Last Minutes Offensive
Center Left Wing Right Wing Defense Defense
Ryan Carter Robbie Earl Blake Comeau Noah Welch Jamie McBain
Last Minutes Defensive
Center Left Wing Right Wing Defense Defense
Ryan Carter Robbie Earl Blake Comeau Noah Welch Tim Gleason
Goaltenders
Starting : Brent Krahn
Backup : Alex Stalock
Extra Forwards
Normal : Ben Smith, Marek Zagrapan, Zac Dalpe - PP : Ben Smith, Marek Zagrapan - PK : Zac Dalpe
Extra Defensemen
Normal : Jaime Sifers, Tim Gleason, Jamie McBain - PP : Jaime Sifers - PK : Tim Gleason, Jamie McBain
Penalty Shots
Blake Comeau, Ryan Carter, Martins Karsums, Ryan Vesce, Robbie Earl
Harfangs
5 vs 5 Forward
Center Left Wing Right Wing Time % Phy DF OF
1 Boyd Gordon Marcel Hossa Pavel Vorobiev 40 1 2 2
2 Petri Kontiola Sergei Kostitsyn Stefan Ruzicka 30 1 2 2
3 Stephane Da Costa Dustin Jeffrey Colton Orr 20 1 2 2
4 Alex Killorn Luca Caputi Matt Keith 10 1 2 2
5 vs 5 Defense
Defense Defense Time % Phy DF OF
1 Alexandre Picard Brett Carson 40 1 2 2
2 Andrew Orpik Sasha Pokulok 30 1 2 2
3 Victor Bartley Nick Holden 20 1 2 2
4 Brian Lashoff Alex Plante 10 1 2 2
PowerPlay Forward
Center Left Wing Right Wing Time % Phy DF OF
1 Boyd Gordon Marcel Hossa Pavel Vorobiev 60 1 2 2
2 Petri Kontiola Sergei Kostitsyn Stefan Ruzicka 40 1 2 2
PowerPlay Defense
Defense Defense Time % Phy DF OF
1 Alexandre Picard Brett Carson 60 1 2 2
2 Andrew Orpik Sasha Pokulok 40 1 2 2
Penalty Kill 4 Players Forward
Center Wing Time % Phy DF OF
1 Pavel Vorobiev Marcel Hossa 60 1 2 2
2 Boyd Gordon Stefan Ruzicka 40 1 2 2
Penalty Kill 4 Players Defense
Defense Defense Time % Phy DF OF
1 Alexandre Picard Brett Carson 60 1 2 2
2 Andrew Orpik Sasha Pokulok 40 1 2 2
Penalty Kill - 3 Players Forward
Forward Time % Phy DF OF
1 Pavel Vorobiev 60 1 2 2
2 Marcel Hossa 40 1 2 2
Penalty Kill - 3 Players Defense
Defense Defense Time % Phy DF OF
1 Alexandre Picard Brett Carson 60 1 2 2
2 Andrew Orpik Sasha Pokulok 40 1 2 2
4 vs 4 Forward
Center Wing Time % Phy DF OF
1 Pavel Vorobiev Marcel Hossa 60 1 2 2
2 Boyd Gordon Stefan Ruzicka 40 1 2 2
4 vs 4 Defense
Defense Defense Time % Phy DF OF
1 Alexandre Picard Brett Carson 60 1 2 2
2 Andrew Orpik Sasha Pokulok 40 1 2 2
Last Minutes Offensive
Center Left Wing Right Wing Defense Defense
Boyd Gordon Marcel Hossa Pavel Vorobiev Alexandre Picard Brett Carson
Last Minutes Defensive
Center Left Wing Right Wing Defense Defense
Boyd Gordon Marcel Hossa Pavel Vorobiev Alexandre Picard Brett Carson
Goaltenders
Starting : Ray Emery
Backup : Marek Schwarz
Extra Forwards
Normal : Colton Orr, Matt Keith, Stephane Da Costa - PP : Colton Orr, Matt Keith - PK : Stephane Da Costa
Extra Defensemen
Normal : Victor Bartley, Nick Holden, Brian Lashoff - PP : Victor Bartley - PK : Nick Holden, Brian Lashoff
Penalty Shots
Pavel Vorobiev, Marcel Hossa, Boyd Gordon, Stefan Ruzicka, Colton Orr
% Time on Ice - Influenza
Lines # - Real PCT - Wanted PCT - Time Play
Normal Forward
1 - 33% - 40% - 13:55
2 - 27% - 30% - 11:18
3 - 24% - 20% - 9:53
4 - 16% - 10% - 6:42
Normal Defense
1 - 41% - 40% - 17:00
2 - 30% - 30% - 12:29
3 - 25% - 20% - 10:22
4 - 5% - 10% - 1:57
PP Forward
1 - 65% - 60% - 3:24
2 - 35% - 40% - 1:49
PP Defense
1 - 55% - 60% - 2:53
2 - 45% - 40% - 2:20
PK Forward
1 - 72% - 60% - 9:17
2 - 28% - 40% - 3:42
PK Defense
1 - 66% - 60% - 8:35
2 - 34% - 40% - 4:24
PK3 Forward
1 - 0% - 60%
2 - 0% - 40%
PK3 Defense
1 - 0% - 60%
2 - 0% - 40%
44 Forward
1 - 0% - 60%
2 - 0% - 40%
44 Defense
1 - 0% - 60%
2 - 0% - 40%
Last Minute Offensive - 0:00
Last Minute Defensive - 0:00
Total
Forward - 60:00
Defense - 60:00
|
% Time on Ice - Harfangs
Lines # - Real PCT - Wanted PCT - Time Play
Normal Forward
1 - 35% - 40% - 14:46
2 - 28% - 30% - 11:36
3 - 18% - 20% - 7:28
4 - 19% - 10% - 7:58
Normal Defense
1 - 41% - 40% - 17:01
2 - 29% - 30% - 11:59
3 - 20% - 20% - 8:34
4 - 10% - 10% - 4:14
PP Forward
1 - 65% - 60% - 8:25
2 - 35% - 40% - 4:34
PP Defense
1 - 47% - 60% - 6:09
2 - 53% - 40% - 6:50
PK Forward
1 - 97% - 60% - 5:05
2 - 3% - 40% - 0:08
PK Defense
1 - 67% - 60% - 3:31
2 - 33% - 40% - 1:42
PK3 Forward
1 - 0% - 60%
2 - 0% - 40%
PK3 Defense
1 - 0% - 60%
2 - 0% - 40%
44 Forward
1 - 0% - 60%
2 - 0% - 40%
44 Defense
1 - 0% - 60%
2 - 0% - 40%
Last Minute Offensive - 0:00
Last Minute Defensive - 0:00
Total
Forward - 60:00
Defense - 60:00
|
Play by Play
1st period
0:01 of 1st period - Boyd Gordon wins face-off versus Ryan Carter in neutral zone.
0:06 of 1st period - Snap shot by Marcel Hossa.
0:06 of 1st period - Shot Blocked by Noah Welch.
0:34 of 1st period - Cody McCormick is hit by Stefan Ruzicka and loses puck.
1:13 of 1st period - Noah Welch is hit by Alex Killorn and loses puck.
1:26 of 1st period - Slapshot by Ryan Carter.
1:26 of 1st period - Shot Blocked by Boyd Gordon.
1:29 of 1st period - Icing by Pavel Vorobiev.
1:30 of 1st period - Ryan Carter wins face-off versus Boyd Gordon in Harfangs zone.
1:33 of 1st period - Snap shot by Blake Comeau.
1:33 of 1st period - Stopped by Ray Emery with a rebound.
2:05 of 1st period - Wrist shot by Marcel Hossa.
2:05 of 1st period - Stopped by Brent Krahn without a rebound.
2:06 of 1st period - Cody McCormick wins face-off versus Petri Kontiola in Influenza zone.
2:06 of 1st period - Cody McCormick is hit by Brett Carson.
3:17 of 1st period - Snap shot by Ben Smith.
3:17 of 1st period - Stopped by Ray Emery with a rebound.
3:46 of 1st period - Snap shot by Martins Karsums.
3:46 of 1st period - Shot Blocked by Petri Kontiola.
3:48 of 1st period - Wrist shot by Carl Gunnarsson.
3:48 of 1st period - Stopped by Ray Emery with a rebound.
4:28 of 1st period - Wrist shot by Matt Keith.
4:28 of 1st period - Stopped by Brent Krahn without a rebound.
4:29 of 1st period - Ryan Carter wins face-off versus Boyd Gordon in Influenza zone.
5:44 of 1st period - Wrist shot by Ryan Carter.
5:44 of 1st period - Shot Misses the Net.
5:46 of 1st period - Wrist shot by Robbie Earl.
5:46 of 1st period - Stopped by Ray Emery with a rebound.
5:48 of 1st period - Slapshot by Robbie Earl.
5:48 of 1st period - Shot Misses the Net.
5:50 of 1st period - Slapshot by Tim Gleason.
5:50 of 1st period - Shot Misses the Net.
5:52 of 1st period - Slapshot by Robbie Earl.
5:52 of 1st period - Stopped by Ray Emery with a rebound.
6:30 of 1st period - Snap shot by Stefan Ruzicka.
6:30 of 1st period - Deflect By Sergei Kostitsyn.
6:30 of 1st period - Stopped by Brent Krahn without a rebound.
6:31 of 1st period - Ryan Carter wins face-off versus Petri Kontiola in Influenza zone.
6:53 of 1st period - Wrist shot by Sergei Kostitsyn.
6:53 of 1st period - Stopped by Brent Krahn with a rebound.
6:55 of 1st period - Snap shot by Victor Bartley.
6:55 of 1st period - Stopped by Brent Krahn without a rebound.
6:56 of 1st period - Pavel Vorobiev wins face-off versus Cody McCormick in Influenza zone.
6:57 of 1st period - Snap shot by Boyd Gordon.
6:57 of 1st period - Shot Misses the Net.
6:59 of 1st period - Snap shot by Boyd Gordon.
6:59 of 1st period - Shot Misses the Net.
7:01 of 1st period - Slapshot by Nick Holden.
7:01 of 1st period - Shot Blocked by Tim Gleason.
7:03 of 1st period - Snap shot by Boyd Gordon.
7:03 of 1st period - Stopped by Brent Krahn with a rebound.
7:05 of 1st period - Wrist shot by Pavel Vorobiev.
7:05 of 1st period - Shot Misses the Net.
7:07 of 1st period - Slapshot by Nick Holden.
7:07 of 1st period - Shot Misses the Net.
7:09 of 1st period - Wrist shot by Marcel Hossa.
7:09 of 1st period - Shot Misses the Net.
7:11 of 1st period - Snap shot by Boyd Gordon.
7:11 of 1st period - Shot Blocked by Tim Gleason.
8:30 of 1st period - Snap shot by Matt Keith.
8:30 of 1st period - Shot Blocked by Ryan Vesce.
8:32 of 1st period - Slapshot by Brian Lashoff.
8:32 of 1st period - Stopped by Brent Krahn without a rebound.
8:33 of 1st period - Ryan Carter wins face-off versus Petri Kontiola in Influenza zone.
8:33 of 1st period - Ryan Carter is hit by Alexandre Picard.
8:39 of 1st period - Slapshot by Tim Gleason.
8:39 of 1st period - Deflect By Robbie Earl.
8:39 of 1st period - Shot Misses the Net.
8:39 of 1st period - Puck is out of play.
8:40 of 1st period - Petri Kontiola wins face-off versus Ryan Carter in Harfangs zone.
8:51 of 1st period - Wrist shot by Sergei Kostitsyn.
8:51 of 1st period - Shot Blocked by Robbie Earl.
8:59 of 1st period - Sergei Kostitsyn is hit by Robbie Earl and loses puck.
9:08 of 1st period - Backhand shot by Ryan Carter.
9:08 of 1st period - Stopped by Ray Emery with a rebound.
9:16 of 1st period - Snap shot by Sergei Kostitsyn.
9:16 of 1st period - Stopped by Brent Krahn with a rebound.
9:18 of 1st period - Slapshot by Brett Carson.
9:18 of 1st period - Shot Misses the Net.
9:30 of 1st period - Snap shot by Stefan Ruzicka.
9:30 of 1st period - Deflect By Petri Kontiola.
9:30 of 1st period - Stopped by Brent Krahn with a rebound.
9:32 of 1st period - Wrist shot by Petri Kontiola.
9:32 of 1st period - Shot Misses the Net.
9:34 of 1st period - Snap shot by Petri Kontiola.
9:34 of 1st period - Shot Misses the Net.
9:40 of 1st period - Wrist shot by Stefan Ruzicka.
9:40 of 1st period - Shot Misses the Net.
9:48 of 1st period - Snap shot by Sergei Kostitsyn.
9:48 of 1st period - Goal by Sergei Kostitsyn - Influenza : 0 - Harfangs : 1.
9:49 of 1st period - Boyd Gordon wins face-off versus Pierre-Cédric Labrie in neutral zone.
10:25 of 1st period - Backhand shot by Ryan Vesce.
10:25 of 1st period - Goal by Ryan Vesce - Influenza : 1 - Harfangs : 1.
10:26 of 1st period - Marcel Hossa wins face-off versus Cody McCormick in neutral zone.
10:34 of 1st period - Minor Penalty to Andrew Orpik for Holding.
10:35 of 1st period - Ryan Carter wins face-off versus Pavel Vorobiev in Harfangs zone.
10:42 of 1st period - Snap shot by Ryan Carter.
10:42 of 1st period - Stopped by Ray Emery with a rebound.
10:44 of 1st period - Slapshot by Tim Gleason.
10:44 of 1st period - Shot Misses the Net.
10:46 of 1st period - Slapshot by Tim Gleason.
10:46 of 1st period - Shot Misses the Net.
10:48 of 1st period - Snap shot by Blake Comeau.
10:48 of 1st period - Deflect By Robbie Earl.
10:48 of 1st period - Goal by Robbie Earl - Influenza : 2 - Harfangs : 1.
10:49 of 1st period - Boyd Gordon wins face-off versus Martins Karsums in neutral zone.
11:18 of 1st period - Alexandre Picard is hit by Blake Comeau and loses puck.
11:34 of 1st period - Off-side.
11:35 of 1st period - Ryan Russell wins face-off versus Alex Killorn in neutral zone.
12:23 of 1st period - Wrist shot by Cody McCormick.
12:23 of 1st period - Shot Blocked by Victor Bartley.
12:25 of 1st period - Slapshot by Carl Gunnarsson.
12:25 of 1st period - Shot Misses the Net.
12:43 of 1st period - Noah Welch is hit by Petri Kontiola and loses puck.
12:54 of 1st period - Victor Bartley is hit by Jamie McBain and loses puck.
13:07 of 1st period - Ryan Russell is hit by Alex Killorn.
13:25 of 1st period - Wrist shot by Marcel Hossa.
13:25 of 1st period - Stopped by Brent Krahn with a rebound.
13:27 of 1st period - Snap shot by Alexandre Picard.
13:27 of 1st period - Shot Misses the Net.
13:29 of 1st period - Slapshot by Brett Carson.
13:29 of 1st period - Shot Misses the Net.
13:31 of 1st period - Slapshot by Brett Carson.
13:31 of 1st period - Stopped by Brent Krahn with a rebound.
13:33 of 1st period - Wrist shot by Marcel Hossa.
13:33 of 1st period - Shot Misses the Net.
13:35 of 1st period - Snap shot by Boyd Gordon.
13:35 of 1st period - Stopped by Brent Krahn with a rebound.
14:34 of 1st period - Off-side.
14:35 of 1st period - Boyd Gordon wins face-off versus Ryan Carter in neutral zone.
14:38 of 1st period - Snap shot by Pavel Vorobiev.
14:38 of 1st period - Goal by Pavel Vorobiev - Influenza : 2 - Harfangs : 2.
14:39 of 1st period - Pavel Vorobiev wins face-off versus Ryan Carter in neutral zone.
15:46 of 1st period - Off-side.
15:47 of 1st period - Alex Killorn wins face-off versus Ben Smith in neutral zone.
16:00 of 1st period - Slapshot by Jamie McBain.
16:00 of 1st period - Shot Blocked by Alexandre Picard.
16:11 of 1st period - Off-side.
16:12 of 1st period - Boyd Gordon wins face-off versus Ryan Carter in neutral zone.
16:23 of 1st period - Snap shot by Ryan Carter.
16:23 of 1st period - Shot Hit the Post.
16:25 of 1st period - Snap shot by Noah Welch.
16:25 of 1st period - Deflect By Pavel Vorobiev.
16:25 of 1st period - Stopped by Ray Emery without a rebound.
16:26 of 1st period - Boyd Gordon wins face-off versus Cody McCormick in Harfangs zone.
16:26 of 1st period - Boyd Gordon is hit by Pierre-Cédric Labrie.
17:02 of 1st period - Snap shot by Petri Kontiola.
17:02 of 1st period - Shot Misses the Net.
17:53 of 1st period - Sasha Pokulok is hit by Martins Karsums and loses puck.
18:00 of 1st period - Snap shot by Cody McCormick.
18:00 of 1st period - Shot Misses the Net.
18:20 of 1st period - Nick Holden is hit by Marek Zagrapan and loses puck.
18:49 of 1st period - Robbie Earl is hit by Marcel Hossa and loses puck.
19:07 of 1st period - Slapshot by Blake Comeau.
19:07 of 1st period - Shot Misses the Net.
19:19 of 1st period - Snap shot by Ryan Carter.
19:19 of 1st period - Shot Misses the Net.
19:21 of 1st period - Wrist shot by Ryan Carter.
19:21 of 1st period - Shot Blocked by Brett Carson.
19:25 of 1st period - Snap shot by Blake Comeau.
19:25 of 1st period - Shot Misses the Net.
19:27 of 1st period - Slapshot by Tim Gleason.
19:27 of 1st period - Deflect By Boyd Gordon.
19:27 of 1st period - Goal by Tim Gleason - Influenza : 3 - Harfangs : 2.
19:28 of 1st period - Petri Kontiola wins face-off versus Cody McCormick in neutral zone.
19:41 of 1st period - Slapshot by Stefan Ruzicka.
19:41 of 1st period - Shot Misses the Net.
2nd period
0:01 of 2nd period - Boyd Gordon wins face-off versus Ryan Carter in neutral zone.
0:14 of 2nd period - Wrist shot by Pavel Vorobiev.
0:14 of 2nd period - Stopped by Brent Krahn with a rebound.
0:16 of 2nd period - Slapshot by Alexandre Picard.
0:16 of 2nd period - Stopped by Brent Krahn without a rebound.
0:17 of 2nd period - Cody McCormick wins face-off versus Petri Kontiola in Influenza zone.
1:08 of 2nd period - Major / Game Misconduct Penalty to Pavel Vorobiev for Head-butting.
1:08 of 2nd period - Pavel Vorobiev is ejected from game.
1:09 of 2nd period - Stephane Da Costa wins face-off versus Ryan Carter in Harfangs zone.
1:18 of 2nd period - Wrist shot by Robbie Earl.
1:18 of 2nd period - Stopped by Ray Emery with a rebound.
1:26 of 2nd period - Blake Comeau is hit by Stephane Da Costa and loses puck.
2:05 of 2nd period - Sasha Pokulok is hit by Ryan Russell.
3:09 of 2nd period - Slapshot by Ryan Vesce.
3:09 of 2nd period - Shot Blocked by Marcel Hossa.
3:11 of 2nd period - Snap shot by Ryan Vesce.
3:11 of 2nd period - Stopped by Ray Emery with a rebound.
3:13 of 2nd period - Wrist shot by Ben Smith.
3:13 of 2nd period - Stopped by Ray Emery without a rebound.
3:14 of 2nd period - Boyd Gordon wins face-off versus Cody McCormick in Harfangs zone.
5:11 of 2nd period - Nick Holden is hit by Jaime Sifers and loses puck.
5:26 of 2nd period - Martins Karsums is hit by Nick Holden and loses puck.
6:08 of 2nd period - Penalty to Pavel Vorobiev is over, Colton Orr is send on ice.
10:23 of 2nd period - Icing by Matt Keith.
10:24 of 2nd period - Cody McCormick wins face-off versus Alex Killorn in Harfangs zone.
10:29 of 2nd period - Slapshot by Noah Welch.
10:29 of 2nd period - Stopped by Ray Emery without a rebound.
10:30 of 2nd period - Boyd Gordon wins face-off versus Ryan Vesce in Harfangs zone.
10:39 of 2nd period - Carl Gunnarsson is hit by Boyd Gordon and loses puck.
10:56 of 2nd period - Petri Kontiola is hit by Blake Comeau and loses puck.
11:03 of 2nd period - Snap shot by Robbie Earl.
11:03 of 2nd period - Shot Blocked by Brett Carson.
11:05 of 2nd period - Wrist shot by Tim Gleason.
11:05 of 2nd period - Shot Hit the Post.
11:07 of 2nd period - Slapshot by Noah Welch.
11:07 of 2nd period - Deflect By Robbie Earl.
11:07 of 2nd period - Stopped by Ray Emery without a rebound.
11:08 of 2nd period - Cody McCormick wins face-off versus Boyd Gordon in Harfangs zone.
11:33 of 2nd period - Cody McCormick is hit by Victor Bartley and loses puck.
11:37 of 2nd period - Icing by Cody McCormick.
11:38 of 2nd period - Alex Killorn wins face-off versus Cody McCormick in Influenza zone.
11:41 of 2nd period - Snap shot by Matt Keith.
11:41 of 2nd period - Stopped by Brent Krahn with a rebound.
11:43 of 2nd period - Slapshot by Matt Keith.
11:43 of 2nd period - Shot Misses the Net.
11:45 of 2nd period - Wrist shot by Alexandre Picard.
11:45 of 2nd period - Stopped by Brent Krahn with a rebound.
12:13 of 2nd period - Snap shot by Jamie McBain.
12:13 of 2nd period - Shot Blocked by Alexandre Picard.
12:50 of 2nd period - Wrist shot by Ryan Carter.
12:50 of 2nd period - Shot Misses the Net.
12:52 of 2nd period - Snap shot by Ryan Carter.
12:52 of 2nd period - Stopped by Ray Emery with a rebound.
12:54 of 2nd period - Slapshot by Jamie McBain.
12:54 of 2nd period - Stopped by Ray Emery without a rebound.
12:55 of 2nd period - Boyd Gordon wins face-off versus Marek Zagrapan in Harfangs zone.
13:10 of 2nd period - Slapshot by Boyd Gordon.
13:10 of 2nd period - Shot Misses the Net.
14:00 of 2nd period - Brian Salcido is hit by Alexandre Picard and loses puck.
14:23 of 2nd period - Slapshot by Dustin Jeffrey.
14:23 of 2nd period - Shot Misses the Net.
15:09 of 2nd period - Snap shot by Ryan Vesce.
15:09 of 2nd period - Shot Misses the Net.
15:23 of 2nd period - Slapshot by Ryan Carter.
15:23 of 2nd period - Shot Misses the Net.
15:41 of 2nd period - Jaime Sifers is hit by Sergei Kostitsyn and loses puck.
15:56 of 2nd period - Wrist shot by Boyd Gordon.
15:56 of 2nd period - Stopped by Brent Krahn without a rebound.
15:57 of 2nd period - Boyd Gordon wins face-off versus Cody McCormick in Influenza zone.
16:02 of 2nd period - Snap shot by Boyd Gordon.
16:02 of 2nd period - Goal by Boyd Gordon - Influenza : 3 - Harfangs : 3.
16:03 of 2nd period - Ryan Carter wins face-off versus Boyd Gordon in neutral zone.
16:16 of 2nd period - Slapshot by Marcel Hossa.
16:16 of 2nd period - Deflect By Boyd Gordon.
16:16 of 2nd period - Stopped by Brent Krahn without a rebound.
16:17 of 2nd period - Marcel Hossa wins face-off versus Ryan Carter in Influenza zone.
16:49 of 2nd period - Alexandre Picard is hit by Martins Karsums and loses puck.
17:12 of 2nd period - Alex Killorn is hit by Jimmy Bonneau and loses puck.
18:11 of 2nd period - Minor Penalty to Tim Gleason for Hooking.
18:12 of 2nd period - Marcel Hossa wins face-off versus Ryan Carter in Influenza zone.
18:44 of 2nd period - Off-side.
18:45 of 2nd period - Boyd Gordon wins face-off versus Ryan Carter in neutral zone.
18:50 of 2nd period - Wrist shot by Boyd Gordon.
18:50 of 2nd period - Stopped by Brent Krahn with a rebound.
18:57 of 2nd period - Icing by Boyd Gordon.
18:58 of 2nd period - Boyd Gordon wins face-off versus Ryan Carter in Harfangs zone.
19:13 of 2nd period - Ryan Carter is hit by Petri Kontiola and loses puck.
3rd period
0:01 of 3rd period - Boyd Gordon wins face-off versus Ryan Carter in neutral zone.
0:11 of 3rd period - Penalty to Tim Gleason is over, Tim Gleason is back on ice.
0:31 of 3rd period - Sergei Kostitsyn is hit by Martins Karsums and loses puck.
2:06 of 3rd period - Snap shot by Stefan Ruzicka.
2:06 of 3rd period - Shot Misses the Net.
2:23 of 3rd period - Snap shot by Matt Keith.
2:23 of 3rd period - Shot Misses the Net.
3:19 of 3rd period - Off-side.
3:20 of 3rd period - Zac Dalpe wins face-off versus Boyd Gordon in neutral zone.
3:20 of 3rd period - Zac Dalpe is hit by Marcel Hossa.
3:35 of 3rd period - Carl Gunnarsson is hit by Stephane Da Costa and loses puck.
3:43 of 3rd period - Major / Game Misconduct Penalty to Robbie Earl for Unsportsmanlike conduct.
3:43 of 3rd period - Robbie Earl is ejected from game.
3:44 of 3rd period - Ryan Carter wins face-off versus Boyd Gordon in Influenza zone.
3:44 of 3rd period - Ryan Carter is hit by Alexandre Picard.
5:40 of 3rd period - Colton Orr is hit by Ryan Vesce.
6:34 of 3rd period - Wrist shot by Jimmy Bonneau.
6:34 of 3rd period - Stopped by Ray Emery without a rebound.
6:35 of 3rd period - Stephane Da Costa wins face-off versus Zac Dalpe in Harfangs zone.
7:30 of 3rd period - Sergei Kostitsyn is hit by Ryan Vesce and loses puck.
7:47 of 3rd period - Zac Dalpe is hit by Boyd Gordon and loses puck.
8:11 of 3rd period - Dustin Jeffrey is hit by Jaime Sifers and loses puck.
8:43 of 3rd period - Penalty to Robbie Earl is over, Martins Karsums is send on ice.
9:19 of 3rd period - Marcel Hossa is hit by Marek Zagrapan and loses puck.
9:29 of 3rd period - Minor Penalty to Zac Dalpe for Hooking.
9:30 of 3rd period - Petri Kontiola wins face-off versus Blake Comeau in Influenza zone.
10:27 of 3rd period - Petri Kontiola is hit by Noah Welch and loses puck.
11:14 of 3rd period - Wrist shot by Petri Kontiola.
11:14 of 3rd period - Shot Misses the Net.
11:29 of 3rd period - Penalty to Zac Dalpe is over, Zac Dalpe is back on ice.
11:34 of 3rd period - Wrist shot by Petri Kontiola.
11:34 of 3rd period - Shot Misses the Net.
11:36 of 3rd period - Wrist shot by Sasha Pokulok.
11:36 of 3rd period - Shot Blocked by Cody McCormick.
11:38 of 3rd period - Slapshot by Sasha Pokulok.
11:38 of 3rd period - Deflect By Stefan Ruzicka.
11:38 of 3rd period - Shot Blocked by Jamie McBain.
11:38 of 3rd period - Puck is out of play.
11:39 of 3rd period - Boyd Gordon wins face-off versus Marek Zagrapan in Influenza zone.
11:46 of 3rd period - Slapshot by Colton Orr.
11:46 of 3rd period - Shot Blocked by Brian Salcido.
11:52 of 3rd period - Boyd Gordon is hit by Ryan Vesce and loses puck.
12:04 of 3rd period - Minor Penalty to Jimmy Bonneau for Tripping.
12:05 of 3rd period - Boyd Gordon wins face-off versus Ryan Carter in Influenza zone.
13:28 of 3rd period - Stephane Da Costa is hit by Zac Dalpe and loses puck.
13:56 of 3rd period - Icing by Victor Bartley.
13:57 of 3rd period - Martins Karsums wins face-off versus Boyd Gordon in Harfangs zone.
14:00 of 3rd period - Snap shot by Ryan Vesce.
14:00 of 3rd period - Stopped by Ray Emery without a rebound.
14:01 of 3rd period - Martins Karsums wins face-off versus Boyd Gordon in Harfangs zone.
14:04 of 3rd period - Penalty to Jimmy Bonneau is over, Jimmy Bonneau is back on ice.
14:17 of 3rd period - Off-side.
14:18 of 3rd period - Petri Kontiola wins face-off versus Ryan Carter in neutral zone.
14:44 of 3rd period - Noah Welch is hit by Victor Bartley.
15:58 of 3rd period - Petri Kontiola is hit by Ryan Carter and loses puck.
16:04 of 3rd period - Minor Penalty to Blake Comeau for Interference.
16:05 of 3rd period - Boyd Gordon wins face-off versus Ryan Carter in Influenza zone.
16:06 of 3rd period - Snap shot by Marcel Hossa.
16:06 of 3rd period - Shot Misses the Net.
16:08 of 3rd period - Slapshot by Colton Orr.
16:08 of 3rd period - Deflect By Marcel Hossa.
16:08 of 3rd period - Goal by Marcel Hossa - Influenza : 3 - Harfangs : 4.
16:09 of 3rd period - Marek Zagrapan wins face-off versus Stephane Da Costa in neutral zone.
16:12 of 3rd period - Wrist shot by Noah Welch.
16:12 of 3rd period - Deflect By Brett Carson.
16:12 of 3rd period - Stopped by Ray Emery with a rebound.
16:14 of 3rd period - Wrist shot by Ryan Russell.
16:14 of 3rd period - Stopped by Ray Emery without a rebound.
16:15 of 3rd period - Marek Zagrapan wins face-off versus Stephane Da Costa in Harfangs zone.
16:20 of 3rd period - Snap shot by Ryan Russell.
16:20 of 3rd period - Shot Misses the Net.
16:40 of 3rd period - Slapshot by Alexandre Picard.
16:40 of 3rd period - Deflect By Marcel Hossa.
16:40 of 3rd period - Shot Misses the Net.
16:40 of 3rd period - Puck is out of play.
16:41 of 3rd period - Ryan Carter wins face-off versus Boyd Gordon in Influenza zone.
17:06 of 3rd period - Jaime Sifers is hit by Colton Orr and loses puck.
17:22 of 3rd period - Icing by Stephane Da Costa.
17:23 of 3rd period - Stephane Da Costa wins face-off versus Cody McCormick in Harfangs zone.
17:23 of 3rd period - Stephane Da Costa is hit by Noah Welch.
17:26 of 3rd period - Minor Penalty to Tim Gleason for Hooking.
17:27 of 3rd period - Ryan Carter wins face-off versus Boyd Gordon in Influenza zone.
19:21 of 3rd period - Brett Carson is hit by Zac Dalpe and loses puck.
19:26 of 3rd period - Penalty to Tim Gleason is over, Tim Gleason is back on ice.
19:32 of 3rd period - Influenza, Brent Krahn is pulled from the net.
19:47 of 3rd period - Noah Welch is hit by Boyd Gordon and loses puck.
19:54 of 3rd period - Snap shot by Marcel Hossa.
19:54 of 3rd period - Shot Misses the Net.
19:56 of 3rd period - Slapshot by Victor Bartley.
19:56 of 3rd period - Goal by Victor Bartley - Influenza : 3 - Harfangs : 5.
19:56 of 3rd period - Brent Krahn from Influenza was sent back in the game.
19:57 of 3rd period - Marek Zagrapan wins face-off versus Matt Keith in neutral zone.
Output by the SimonT Hockey Simulator (STHS) for François Prévost -- Original Page W3C XHTML 1.0 Valid